Map: Alcyone LE

Players

JangoVision

  • Race: Terran Terran
  • Spawn Location: 7:00

SubN

  • Race: Zerg Zerg
  • League: Diamond
  • Spawn Location: 1:00

VOD

Have the link to the VOD?

Description

Time

  • Played on: Dec. 22, 2023, 7:49 p.m.
  • Length: 5:18
Show
View Real Time Build Order
Export as new Build Order

JangoVision Terran 

Build Orders:  

Get SALT Encoding   

  12  0:00  SCV  
  13  0:13  SCV  
  14  0:18  Supply Depot  
  14  0:26  SCV  
  15  0:40  SCV  
  15  0:41  Barracks  
  16  0:45  Refinery  
  16  0:52  SCV  
  16  0:56  Supply Depot  
  17  1:04  SCV  
  18  1:12  Barracks  
  18  1:19  SCV  
  19  1:29  Reaper  
  20  1:35  Orbital Command  
  20  1:43  Refinery  
  20  2:00  Reaper  
  20  2:01  Barracks  
  21  2:05  Reaper  
  21  2:08  SCV  
  23  2:17  Barracks  
  23  2:39  Reaper  
  23  2:40  Reaper  
  25  2:47  SCV  
  25  2:49  Reaper  
  27  3:11  Reaper  
  28  3:17  Reaper x2  
  30  3:40  Reaper  
  30  3:44  Supply Depot  
  29  3:56  Reaper  
  30  4:05  Reaper  
  30  4:06  Reaper  
  32  4:13  Command Center  
  32  4:15  Barracks Tech Lab, Factory  
  32  4:17  SCV  
  33  5:10  Barracks Reactor  
  33  5:11  Factory Tech Lab  
  33  5:13  Starport  
Show
View Real Time Build Order
Export as new Build Order

SubN Zerg 

Build Orders: Hatch First 

Get SALT Encoding   

  12  0:00  Drone  
  13  0:12  Overlord  
  13  0:16  Drone  
  14  0:30  Drone x2  
  16  0:51  Drone, Hatchery  
  16  0:54  Drone  
  17  1:01  Drone  
  18  1:05  Extractor  
  17  1:14  Spawning Pool  
  17  1:17  Drone  
  17  1:20  Drone  
  18  1:30  Drone  
  19  1:38  Drone  
  20  1:49  Overlord  
  20  2:00  Queen  
  22  2:02  Queen  
  24  2:08  Metabolic Boost  
  24  2:15  Drone x4  
  28  2:22  Zergling x2  
  29  2:25  Drone  
  30  2:33  Drone  
  30  2:38  Queen  
  34  2:44  Drone x2  
  34  2:51  Overlord  
  34  3:00  Drone x2  
  34  3:04  Hatchery  
  33  3:16  Queen  
  33  3:19  Zergling x2  
  36  3:22  Zergling x2  
  36  3:28  Zergling x4  
  37  3:49  Zergling x6  
  37  3:50  Zergling x6  
  37  3:52  Queen  
  37  3:54  Spine Crawler  
  41  4:09  Drone x3  
  44  4:10  Overlord  
  44  4:12  Overlord  
  44  4:18  Drone x3  
  42  4:43  Zergling x8  
  45  4:59  Zergling x10  
Tags
 
League
Diamond
Matchup
TvZ
Replay Pack
2025 replay dump
Spawn Locations
Cross Positions
Add a new tag
Caveats
  • Supply blocks, unpowered buildings, or Contaminate may cause inaccurate times.
  • Supply counts are checked every 10 seconds.